 Dungeon Crawl Stone Soup version 0.32-a0-306-gfed3edf829 (webtiles) character file.

Game seed: 13453815201634291266

47 ytrimaz the Shield-Bearer (level 3, -2/29 HPs)
             Began as a Demonspawn Fighter on Feb 14, 2024.
             Slain by Natasha (6 damage)
             ... on level 2 of the Dungeon.
             The game lasted 00:01:27 (733 turns).

ytrimaz the Shield-Bearer (Demonspawn Fighter)       Turns: 733, Time: 00:01:27

Health: -2/29      AC:  7    Str: 18    XL:     3   Next: 48%
Magic:  3/3        EV:  9    Int:  8    God:
Gold:   2          SH:  4    Dex: 12    Spells: 2/2 levels left

rFire   . . .        a - +0 war axe
rCold   . . .        c - +0 buckler
rNeg    . . .        b - +0 scale mail
rPois   .            (no helmet)
rElec   .            (no cloak)
rCorr   .            (no gloves)
SInv    .            (no boots)
Will    .....        (no amulet) Stlth
                     (no ring)
HPRegen 0.24/turn    (no ring)
MPRegen 0.08/turn

%: no passive effects
@: mighty, slowed, very slow
A: sharp scales 1, weakness stinger 1
a: no special abilities


You were on level 2 of the Dungeon.
You visited 1 branch of the dungeon, and saw 2 of its levels.

You collected 2 gold pieces.


Innate Abilities, Weirdness & Mutations

You are partially covered in razor-sharp scales. (AC +1, Slay +1)
You have a small tail.


   Skills:
 - Level 3.0 Fighting
 + Level 2.7 Axes
 - Level 2.7 Armour
 + Level 3.4 Shields


You had 2 spell levels left.
You didn't know any spells.
Your spell library was empty.

Inventory:

Hand Weapons
 a - a +0 war axe (weapon)
Armour
 b - a +0 scale mail (worn)
 c - a +0 buckler (worn)
Scrolls
 e - a scroll of enchant armour {unknown}
 f - a scroll of teleportation {unknown}
 h - a scroll of revelation {unknown}
 i - a scroll of blinking {unknown}
 j - 2 scrolls of identify {unknown}
Potions
 k - a potion of cancellation {unknown}

Dungeon Overview and Level Annotations

Branches:
Dungeon (2/15) Zot: 11229

Altars:

Shops:
D:1 =

Annotations:
D:2 Natasha

. #># ... #.#
#.#
....#########
#.# #.#
.......h.5..#
#.# #.#
...[...@!.#.#
#.# #.#
..#.#####.#.#
#.# #.#
#.#.#####.# #.#
#.#.......###.##
#......).....<..
#########.######
#.# #.# ..#


You could see Natasha and a cerulean imp (summoned).


Message History

You take 2 damage, and now have 27/29 hp.
You hit the giant cockroach.
You kill the giant cockroach!
You miss the cerulean imp.
The cerulean imp hits you but does no damage.
The cerulean imp hits you with a +1 spear. 😕 HP[-3]
You take 3 damage, and now have 24/29 hp.
Unknown command.
You hit the cerulean imp but do no damage.
You slash Natasha! Natasha closely misses you.
The cerulean imp completely misses you.
Natasha mumbles some strange words. 😕 HP[+1]
You hit Natasha but do no damage. You hit the cerulean imp.
You block the cerulean imp's attack. Natasha casts a spell at you.
The magic dart hits you.
The cerulean imp hits you from afar with a +0 spear. 😮 HP[-7]
You take 7 damage, and now have 18/29 hp.
MASSIVE DAMAGE!! (PAUSE)
You barely miss the cerulean imp. You tail-slap the cerulean imp.
You hit Natasha but do no damage. You block the cerulean imp's attack.
Natasha closely misses you.
The cerulean imp hits you but does no damage.
Natasha barely misses you. 😮 HP[+1]
You are too injured to fight recklessly!
The cerulean imp barely misses you.
The cerulean imp hits you with a +1 spear.
Natasha claws you but does no damage. 😮 HP[-2]
You take 2 damage, and now have 17/29 hp.
Unknown command.
You hit Natasha. You barely miss the cerulean imp.
You hit the cerulean imp but do no damage.
The cerulean imp hits you with a +0 spear.
* * * LOW HITPOINT WARNING * * *
The cerulean imp barely misses you. Natasha claws you.
* * * LOW HITPOINT WARNING * * *
The cerulean imp hits you but does no damage.
The cerulean imp hits you with a +1 spear.
* * * LOW HITPOINT WARNING * * *
😨 HP[-8]
You take 8 damage, and now have 9/29 hp.
MASSIVE DAMAGE!! (PAUSE)
You barely miss Natasha. You slash the cerulean imp!
You kill the cerulean imp!
The cerulean imp disappears in a puff of smoke!
You slash the cerulean imp! Natasha claws you.
* * * LOW HITPOINT WARNING * * *
The cerulean imp hits you but does no damage. 😱 HP[-3]
You take 3 damage, and now have 6/29 hp.
Unknown command.
You completely miss Natasha. You closely miss the cerulean imp.
Natasha stares at you and mumbles some strange words.
You resist with significant effort. The cerulean imp closely misses you.
Natasha stares at you and mumbles some strange words.
You feel yourself slow down.
The cerulean imp hits you but does no damage. 😱 HP[+1]
You barely miss Natasha. You slash the cerulean imp!
You kill the cerulean imp!
The cerulean imp disappears in a puff of smoke!
Natasha claws you.
* * * LOW HITPOINT WARNING * * *
You block Natasha's attack. 😱 HP[-6]
You take 6 damage, and now have 1/29 hp.
MASSIVE DAMAGE!! (PAUSE) It was a potion of curing.
You feel better.
Natasha stares at you and mumbles some strange words.
The magic dart hits you.
* * * LOW HITPOINT WARNING * * *
😨 HP[+8]
You regained 8 hp, and now have 9/29 hp.
You closely miss Natasha. Natasha claws you.
* * * LOW HITPOINT WARNING * * *
Natasha claws you but does no damage. Natasha closely misses you. 😨 HP[-1]
You take 1 damage, and now have 8/29 hp.
You feel very mighty all of a sudden.
Natasha mumbles some strange words.
You feel troubled. Natasha claws you.
* * * LOW HITPOINT WARNING * * *
😱 HP[-5]
You take 5 damage, and now have 3/29 hp.
You closely miss Natasha.
Your tail-slap misses Natasha.
Natasha completely misses you. Natasha claws you but does no damage.
You closely miss Natasha. You block Natasha's attack.
Natasha closely misses you. 😱 HP[+1]
You closely miss Natasha. You block Natasha's attack.
Natasha mumbles some strange words.
Natasha claws you.
You die...
Natasha curls up and begins to purr.

Skill      XL: |  1  2 |
---------------+-------+-----
Axes           | 2 |  2.7
Shields        | 3 |  3.4
Fighting       | |  3.0
Armour         | |  2.7

Action                     || total
---------------------------++-------
  Melee: War axe           ||    76
         Tailslap          ||     1
    Use: Potion            ||     2
 Armour: Scale mail        ||    59
  Dodge: Dodged            ||    41
  Block: Buckler           ||    15

Levels and vault maps discovered:
D:1:      minmay_arrival_solitary_statue, layout_loops_ring, serial_shops,
          shop_statue, kennysheep_flooded_box, minmay_tromino_i2
D:2:      layout_loops_ring, uniq_natasha

Notes
Turn   | Place    | Note
-------+----------+-------------------------------------------
     0 | D:1      | ytrimaz the Demonspawn Fighter began the quest for the Orb.
     0 | D:1      | Reached XP level 1. HP: 18/18 MP: 1/1
     0 | D:1      | magus.rc [v1.9.6]
    50 | D:1      | Reached skill level 2 in Axes
    68 | D:1      | Gained mutation: You are partially covered in razor-sharp
                  | scales. (AC +1, Slay +1) [demonic ancestry]
    68 | D:1      | Reached XP level 2. HP: 23/23 MP: 2/2
    75 | D:1      | Reached skill level 3 in Shields
   213 | D:1      | Gained mutation: You have a small tail. [demonic ancestry]
   213 | D:1      | Reached XP level 3. HP: 29/29 MP: 3/3
   284 | D:1      | Found Loed's Jewellery Emporium.
   715 | D:2      | Noticed Natasha
   725 | D:2      | HP: 6/29 [Natasha (3)]
   727 | D:2      | HP: 1/29 [Natasha (6)]
   733 | D:2      | Slain by Natasha

Vanquished Creatures
  A bat (D:1)
  An endoplasm (D:1)
  3 giant cockroaches
  3 goblins
  4 hobgoblins (D:1)
  2 kobolds (D:1)
  A quokka (D:1)
  4 ball pythons (D:1)
  A frilled lizard (D:1)
  6 rats (D:1)
26 creatures vanquished.

Table legend:
 A = Non-vault XP
 B = Vault XP
 C = Vault XP percentage of total XP
 D = Non-vault monster count
 E = Vault monster count
 F = Vault count percentage of total count
                 A         B        C        D         E       F
            +---------+---------+-------+---------+---------+-------
      Total |      62 |       6 |   8.8 |      24 |       2 |   7.7
            +---------+---------+-------+---------+---------+-------
        D:1 |      57 |       6 |   9.5 |      22 |       2 |   8.3
        D:2 |       5 |       0 |   0.0 |       2 |       0 |   0.0
            +---------+---------+-------+---------+---------+-------

Skill      XL: |  1  2 |
---------------+-------+-----
Axes           | 2 |  2.7
Shields        | 3 |  3.4
Fighting       | |  3.0
Armour         | |  2.7

Action                     || total
---------------------------++-------
  Melee: War axe           ||    76
         Tailslap          ||     1
    Use: Potion            ||     2
 Armour: Scale mail        ||    59
  Dodge: Dodged            ||    41
  Block: Buckler           ||    15

Illustrated notes

Table legend:
 A = Kills in this place as a percentage of kills in the entire game.
 B = Kills by you in this place as a percentage of kills by you in the entire game.
 C = Kills by friends in this place as a percentage of kills by friends in the entire game.
 D = Other kills in this place as a percentage of other kills in the entire game.
 E = Experience gained in this place as a percentage of experience gained in the entire game.
 F = Experience gained in this place divided by the number of levels of this place that you have seen.
                   A       B       C       D       E      F
               +-------+-------+-------+-------+-------+----------------------
         Total | 100.0 | 100.0 |   N/A |   N/A | 100.0 |  34.0
       Dungeon | 100.0 | 100.0 |   N/A |   N/A | 100.0 |  34.0
               +-------+-------+-------+-------+-------+----------------------

Table legend: (Time is in decaauts)
 A = Elapsed time spent in this place.
 B = Non-inter-level travel time spent in this place.
 C = Inter-level travel time spent in this place.
 D = Time resting spent in this place.
 E = Time spent auto-exploring this place.
 F = Levels seen in this place.
 G = Mean time per level.
                   A        B        C        D        E       F      G
               +--------+--------+--------+--------+--------+-----+--------+
         Total |    768 |    747 |     21 |      0 |    544 |   2 |  384.0 |
       Dungeon |    768 |    747 |     21 |      0 |    544 |   2 |  384.0 |
               +--------+--------+--------+--------+--------+-----+--------+

Top non-repeatable levels by time:
     D:1: 717 daAuts
     D:2: 50 daAuts
